 Dungeon Crawl Stone Soup version 0.22-a0-99-g1ac4c55 (webtiles) character file.

3118 dstrtnsr the Cleaver (level 9, -8/81 HPs)
             Began as a Minotaur Berserker on Jan 25, 2018.
             Was an Elder of Trog.
             Mangled by a manticore (14 damage)
             ... on level 8 of the Dungeon.
             The game lasted 00:10:49 (3677 turns).

dstrtnsr the Cleaver (Minotaur Berserker)           Turns: 3677, Time: 00:10:50

Health: -8/81      AC: 13    Str: 22    XL:     9   Next: 60%
Magic:  17/17      EV: 10    Int:  2    God:    Trog [****..]
Gold:   100        SH:  2    Dex: 16    Spells: 8/8 levels left

rFire    . . .     SeeInvis .   a - +0 war axe
rCold    . . .     Gourm    .   (no shield)
rNeg     . . .     Faith    .   g - +0 plate armour
rPois    .         Spirit   .   (helmet restricted)
rElec    .         Reflect  +   (no cloak)
rCorr    .         Harm     .   (no gloves)
MR       +....                  (no boots)
Stlth    ..........             q - amulet "Lomoth" {Reflect MR+ Int-2 Dex+3 SH+2}
HPRegen  0.23/turn              l - ring of magical power
MPRegen  0.15/turn              (no ring)

@: about to teleport
A: retaliatory headbutt, horns 2
a: Berserk, Trog's Hand, Brothers in Arms, Burn Spellbooks, Renounce Religion


You were on level 8 of the Dungeon.
You worshipped Trog.
Trog was greatly pleased with you.
You were hungry.

You visited 1 branch of the dungeon, and saw 9 of its levels.
You also visited: Ossuary.

You collected 388 gold pieces.
You spent 288 gold pieces at shops.

Inventory:

Hand Weapons
 a - a +0 war axe (weapon)
Missiles
 e - 67 bolts
Armour
 g - a +0 plate armour (worn)
Jewellery
 l - a ring of magical power (left hand)
 q - the amulet "Lomoth" (around neck) {Reflect MR+ Int-2 Dex+3 SH+2}
   (You bought it in a shop on level 7 of the Dungeon)

   [amulet of reflection]

   It shields you and reflects attacks.
   It affects your intelligence (-2).
   It affects your dexterity (+3).
   It affects your resistance to hostile enchantments.
   It affects your SH (+2).
Wands
 k - a wand of iceblast (17)
Scrolls
 f - 2 scrolls of enchant weapon
 o - 2 scrolls of teleportation
 r - 2 scrolls of fear {unknown}
 s - a scroll of magic mapping {unknown}
 u - 2 scrolls of remove curse {unknown}
 v - a scroll of blinking {unknown}
 w - a scroll of fog
 y - a scroll of enchant armour {unknown}
Potions
 b - 2 potions of lignification {!q}
 d - a potion of curing
 h - a potion of mutation {unknown}
 i - 3 potions of agility
 j - a potion of cancellation {unknown}
 m - a potion of magic {unknown}
 n - 2 potions of heal wounds {unknown}
 p - a potion of degeneration {unknown}
 x - a potion of might
 z - a potion of flight {unknown}
Comestibles
 c - 8 rations


   Skills:
 + Level 8.1 Fighting
 * Level 10.7 Axes
 + Level 7.6 Armour
 + Level 6.9 Dodging


You had 8 spell levels left.
You didn't know any spells.

Dungeon Overview and Level Annotations

Branches:
Dungeon (9/15)
 Temple: D:4-7         Lair: D:8-11         Orc: D:9-12

Altars:
Gozag
Nemelex Xobeh
Xom

Shops:
D:2 *   D:7 =   D:8 }![*

Annotations:
D:8 p0werm0de's ghost, novice FeCK
D:9 Erica


Innate Abilities, Weirdness & Mutations

You reflexively headbutt those who attack you in melee.
You have a pair of horns on your head.


Message History

The bullfrog hits you but does no damage.
The manticore bites you. The manticore claws you. The manticore claws you!
* * * LOW HITPOINT WARNING * * *
The bullfrog hits you.
* * * LOW HITPOINT WARNING * * *
You climb upwards.
Level annotation: p0werm0de's ghost, novice FeCK
There is a stone staircase leading down here.
Unknown command.
As you read the scroll of teleportation, it crumbles to dust.
You feel strangely unstable. The bullfrog closely misses you.
You furiously retaliate!
You headbutt the bullfrog! The manticore bites you!
* * * LOW HITPOINT WARNING * * *
The manticore claws you but does no damage.
The manticore barely misses you.
Unknown command.
Okay, then.
You feel better. The bullfrog misses you. The manticore bites you!
You die...

#.... ####...##.........##
##.#.##### #>......#..........#
.........###%..................
..........##....#...#.........##
#.........(......##..............
#........)...#(..##.##....##....#
.............#........#.......###
#..............H......#..........
..............##@(....#..........
............#.WF......#.)........
_...........#.###..........##....
............#..##................
.......................#...##....
###....................#.........
............####................†
##...........###..∩........#.#...
#...........>####..#........####


You could see a manticore, a bullfrog and p0werm0de's ghost.

Vanquished Creatures
  The ghost of KristoblXynda the Thaumaturge, a novice DECj of Vehumet (D:6)
  A slime creature (D:9)
  A hippogriff (D:9)
  A hungry ghost (D:9)
  An ice beast (D:6)
  2 phantoms
  3 orc warriors
  3 ogres
  A centaur (D:8)
  A big kobold (D:5)
  7 bullfrogs
  A scorpion (D:2)
  2 crimson imps
  3 centaur zombies
  A quasit (D:8)
  2 hounds
  2 orc priests
  A bullfrog skeleton (D:9)
  A human zombie (Ossuary)
  A centaur skeleton (D:5)
  An iguana (D:5)
  5 worker ants
  2 hound zombies (Ossuary)
  A hound skeleton (D:5)
  3 mummies (Ossuary)
  3 worker ant zombies
  5 adders
  A howler monkey skeleton (D:9)
  A shadow imp (D:9)
  2 adder skeletons
  6 adder zombies
  2 dart slugs
  5 leopard geckos
  17 orcs
  A giant cockroach (D:5)
  6 goblins
  2 hobgoblins (D:3)
  6 jackals
  2 quokkas
  2 ball pythons
  A ball python skeleton (D:4)
  A bat (D:3)
  5 frilled lizards
  2 gnoll zombies (Ossuary)
  3 goblin zombies (Ossuary)
  5 hobgoblin zombies (Ossuary)
  6 jackal zombies
  7 kobolds
  3 kobold zombies (Ossuary)
  A leopard gecko skeleton (D:6)
  4 orc zombies (Ossuary)
  5 quokka zombies
  4 rats
  4 rat zombies (Ossuary)
160 creatures vanquished.

Vanquished Creatures (others)
  2 withered plants (D:4)
2 creatures vanquished.

Grand Total: 162 creatures vanquished

Notes
Turn   | Place    | Note
-------+----------+-------------------------------------------
     0 | D:1      | dstrtnsr the Minotaur Berserker began the quest for the Orb.
     0 | D:1      | Reached XP level 1. HP: 19/19 MP: 0/0
   142 | D:1      | Reached XP level 2. HP: 22/27 MP: 1/1
   272 | D:1      | Reached skill level 4 in Axes
   307 | D:2      | Found an opulent altar of Gozag.
   310 | D:2      | Found Gozag's Platinum Reserve.
   344 | D:2      | Noticed a scorpion
   351 | D:2      | Killed a scorpion
   351 | D:2      | Reached XP level 3. HP: 33/33 MP: 2/2
   520 | D:3      | Reached XP level 4. HP: 38/40 MP: 3/3
   537 | D:3      | Reached ** piety under Trog
   884 | D:4      | Reached skill level 5 in Axes
   907 | D:4      | Reached XP level 5. HP: 19/47 MP: 4/4
  1263 | D:4      | Noticed an ogre
  1285 | D:4      | Killed an ogre
  1285 | D:4      | Reached skill level 5 in Fighting
  1285 | D:4      | Reached skill level 6 in Axes
  1285 | D:4      | Reached XP level 6. HP: 56/56 MP: 5/5
  1388 | D:5      | Entered Level 5 of the Dungeon
  1639 | D:5      | Found a sparkling altar of Nemelex Xobeh.
  1929 | D:5      | Reached XP level 7. HP: 61/61 MP: 6/6
  1956 | D:6      | Reached skill level 7 in Axes
  2002 | D:6      | Reached skill level 5 in Armour
  2047 | D:6      | Noticed KristoblXynda's ghost (novice DECj)
  2232 | D:6      | Killed KristoblXynda's ghost
  2232 | D:6      | Reached skill level 8 in Axes
  2232 | D:6      | Reached skill level 5 in Dodging
  2232 | D:6      | Reached XP level 8. HP: 70/70 MP: 7/7
  2701 | D:7      | Found Ymomoaq's Jewellery Shoppe.
  2744 | D:8      | Found Qylia's Distillery.
  2744 | D:8      | Noticed p0werm0de's ghost (novice FeCK)
  2788 | D:8      | Found Fatedaac's Gadget Shoppe.
  2829 | D:8      | Reached skill level 9 in Axes
  2867 | D:8      | Found a shimmering altar of Xom.
  2902 | D:8      | Reached *** piety under Trog
  3076 | D:8      | Found a sand-covered staircase.
  3084 | Ossuary  | Entered an ossuary
  3112 | Ossuary  | Reached XP level 9. HP: 79/79 MP: 8/8
  3169 | Ossuary  | Reached **** piety under Trog
  3401 | D:7      | Bought the amulet "Lomoth" {Reflect MR+ Int-2 Dex+3 SH+2} for 288 gold pieces
  3427 | D:8      | Found Doph's Antique Armour Shop.
  3432 | D:8      | Found Rucrir's General Store.
  3574 | D:9      | Reached skill level 10 in Axes
  3663 | D:9      | Noticed Erica
  3673 | D:9      | Noticed a manticore
  3676 | D:8      | HP: 1/81 [manticore (13)]
  3677 | D:8      | Mangled by a manticore

Vault maps used:
D:1:      lightli_arrival_isolated_outpost
D:2:      kennysheep_six_static_rooms, nicolae_gozag_zags_fifth_avenue,
          first_ration, chequers_ecumenical_altar_simple_redux,
          hangedman_decor_points
D:4:      nicolae_ashenzari_panopticon, serial_undead, serial_undead_c,
          serial_undead_a, serial_undead_a, serial_undead_f, serial_undead_e,
          serial_undead_f, minmay_misc_feat_diagonals
D:5:      old_forge, slow_altar_2, nemelex_xobeh_ov_fountains_minmay,
          minmay_temple_entry_statues
D:7:      serial_shops, nicolae_shop_competitors_out_of_business
D:8:      basic_altar, serial_shops, shop, nicolae_shop_overgrown_old_shop,
          shop_fountains, shop, chequers_ossuary_entry_cave
D:9:      cheibrodos_fzero, old_standard_altar, lemuel_blue_sif_altar,
          uniq_erica, uniq_joseph
Ossuary:  minmay_ossuary_two_tombs

Skill      XL: |  1  2  3  4  5  6  7  8  9 |
---------------+----------------------------+-----
Axes           | 4 5 6 8 9 10 | 10.7
Fighting       | 4 5 6 7 8 |  8.1
Armour         | 3 4 5 6 7 |  7.6
Dodging        | 3 4 5 6 |  6.9

Action                   |  1- 3 |  4- 6 |  7- 9 || total
-------------------------+-------+-------+-------++-------
Melee: Hand axe          |    34 |    73 |       ||   107
       Headbutt          |     4 |    17 |    52 ||    73
       War axe           |       |    31 |   244 ||   275
Invok: Berserk           |     2 |     5 |    10 ||    17
       Trog's Hand       |       |     2 |     4 ||     6
Evoke: Wand              |       |       |     1 ||     1
  Use: Scroll            |       |     1 |    11 ||    12
       Potion            |       |       |     2 ||     2
 Stab: Sleeping          |     2 |       |       ||     2
  Eat: Chunk             |       |     8 |     9 ||    17
       Ration            |       |     1 |     2 ||     3
Armor: Animal skin       |     3 |    11 |     1 ||    15
       Plate armour      |       |       |   105 ||   105
       Chain mail        |       |       |    10 ||    10
Dodge: Dodged            |    22 |    66 |   124 ||   212
Block: Other             |       |       |     8 ||     8

Table legend:
 A = Spawn XP
 B = Non-spawn XP
 C = Spawn XP percentage of total XP
 D = Spawn monster count
 E = Non-spawn monster count
 F = Spawn count percentage of total count
 G = Total turns spent on level
                    A         B        C        D         E        F      G
               +---------+---------+-------+---------+---------+-------+---------
         Total |       0 |    4455 |   0.0 |       0 |     160 |   0.0 |  3677
               +---------+---------+-------+---------+---------+-------+---------
           D:1 |       0 |      20 |   0.0 |       0 |      12 |   0.0 |   304
           D:2 |       0 |      67 |   0.0 |       0 |       2 |   0.0 |    80
           D:3 |       0 |      43 |   0.0 |       0 |      17 |   0.0 |   485
           D:4 |       0 |     362 |   0.0 |       0 |      26 |   0.0 |   519
           D:5 |       0 |     256 |   0.0 |       0 |      14 |   0.0 |   721
           D:6 |       0 |    1118 |   0.0 |       0 |      14 |   0.0 |   445
           D:7 |       0 |     196 |   0.0 |       0 |       4 |   0.0 |   234
           D:8 |       0 |     844 |   0.0 |       0 |      14 |   0.0 |   540
           D:9 |       0 |    1272 |   0.0 |       0 |      17 |   0.0 |   108
       Ossuary |       0 |     277 |   0.0 |       0 |      40 |   0.0 |   241
               +---------+---------+-------+---------+---------+-------+---------
